 Dungeon Crawl Stone Soup version 0.31-a0-1267-gfedaa18580 (console) character file.

Game seed: 11919019686118022679

1760 jejorda2 the Chopper (level 9, -3/73 HPs)
             Began as a Gnoll Berserker on Dec 16, 2023.
             Was a Priest of Trog.
             Slain by an orc warrior
             ... wielding a +0 trident
              (14 damage)
             ... on level 6 of the Dungeon.
             The game lasted 00:14:28 (4223 turns).

jejorda2 the Chopper (Gnoll Berserker)              Turns: 4223, Time: 00:14:29

Health: -3/73      AC: 15    Str: 20    XL:     9   Next: 7%
Magic:  14/14      EV: 10    Int:  6    God:    Trog [***...]
Gold:   444        SH:  6    Dex: 15    Spells: 15/15 levels left

rFire   . . .        a - +1 hand axe
rCold   . . .        i - +1 buckler
rNeg    . . .        t - +0 chain mail
rPois   .            (no helmet)
rElec   .            k - +0 cloak of the Beginning {Dex+2}
rCorr   .            (no gloves)
SInv    .            (no boots)
Will    ++...        (no amulet) Stlth
                     m - +4 ring of protection
HPRegen 1.32/turn    (no ring)
MPRegen 0.14/turn

%: no passive effects
@: mighty, strong-willed (expiring), on berserk cooldown, regenerating
(expiring), slowed, very slow
A: fangs 1, strong nose, distributed training
a: Renounce Religion, Berserk, Trog's Hand


You were on level 6 of the Dungeon.
You worshipped Trog.
Trog was most pleased with you.
You visited 1 branch of the dungeon, and saw 6 of its levels.
You also visited: Sewer.

You collected 444 gold pieces.

Inventory:

Hand Weapons
 a - a +1 hand axe (weapon)
 b - a +0 morningstar
Armour
 i - a +1 buckler (worn)
 k - the +0 cloak of the Beginning (worn) {Dex+2}
   (You found it on level 2 of the Dungeon)

   Dex+2:     It affects your dexterity (+2).
 t - a +0 chain mail (worn)
Jewellery
 m - a +4 ring of protection (left hand)
Wands
 h - a wand of flame (42)
Scrolls
 f - a scroll of fog
 l - a scroll of revelation {unknown}
 o - a scroll of blinking
 p - 2 scrolls of torment
 s - a scroll of enchant armour
 u - 2 scrolls of silence
 w - a scroll of teleportation
 x - 2 scrolls of immolation
 y - a scroll of brand weapon {unknown}
 z - a scroll of amnesia {unknown}
Potions
 c - a potion of resistance
 d - 2 potions of enlightenment
 e - 4 potions of curing
 g - 2 potions of invisibility
 j - 2 potions of mutation
 n - 3 potions of might
 q - a potion of ambrosia
 r - a potion of heal wounds {unknown}
 v - 2 potions of attraction
 A - a potion of magic {unknown}


   Skills:
 + Level 7.7 Fighting
 + Level 3.9 Short Blades
 + Level 3.9 Long Blades
 + Level 7.7 Axes
 + Level 3.9 Maces & Flails
 + Level 3.9 Polearms
 + Level 3.9 Staves
 + Level 3.9 Ranged Weapons
 + Level 3.9 Throwing
 + Level 6.1 Armour
 + Level 6.1 Dodging
 + Level 3.9 Stealth
 + Level 3.9 Shields
 + Level 3.9 Unarmed Combat
 + Level 3.9 Spellcasting
 + Level 3.2 Conjurations
 + Level 3.2 Hexes
 + Level 3.2 Summonings
 + Level 3.2 Necromancy
 + Level 3.2 Translocations
 + Level 3.2 Transmutations
 + Level 3.2 Fire Magic
 + Level 3.2 Ice Magic
 + Level 3.2 Air Magic
 + Level 3.2 Earth Magic
 + Level 3.2 Poison Magic
 + Level 4.3 Invocations
 + Level 3.9 Evocations
 + Level 3.5 Shapeshifting


You had 15 spell levels left.
You didn't know any spells.
Your spell library was empty.

Dungeon Overview and Level Annotations

Branches:
Dungeon (6/15)             Temple (0/1) D:4           Sewer (visited)

Altars:

Shops:
D:4 =   D:6 *


Innate Abilities, Weirdness & Mutations

You have very sharp teeth.
Your uncanny sense of smell can sniff out nearby items.
Your experience applies equally to all skills.


Message History

* * * LOW HITPOINT WARNING * * *
You barely miss the orc warrior.
The orc warrior is heavily wounded.
The orc warrior hits you with a +0 trident!
* * * LOW HITPOINT WARNING * * *
You barely miss the orc warrior.
The orc warrior is heavily wounded.
The orc warrior hits you but does no damage.
The orc warrior closely misses you.
You hit the orc warrior but do no damage.
The orc warrior is heavily wounded.
The orc warrior closely misses you.
Okay, then.
Press: ? - help, v - describe, . - travel
Here: an orc warrior, wielding a +0 trident and wearing a +0 chain mail (heavily wounded)
The floor, spattered with blood.
Unknown command.
Unknown command.
You feel very mighty all of a sudden.
The orc warrior hits you with a +0 trident!
* * * LOW HITPOINT WARNING * * *
The orc warrior hits you with a +0 trident.
* * * LOW HITPOINT WARNING * * *
Cleave: a) +1 hand axe
Press: ? - help, Dir - move target, f - orc warrior
Aim: an orc warrior, wielding a +0 trident and wearing a +0 chain mail (heavily wounded, about 36% to evade your +1 hand axe)
Okay, then.
Unknown command.
Unknown command.
Cleave: a) +1 hand axe
Press: ? - help, Dir - move target, f - orc warrior
Aim: an orc warrior, wielding a +0 trident and wearing a +0 chain mail (heavily wounded, about 36% to evade your +1 hand axe)
Okay, then.
Unknown command.
Unknown command.
You hit the orc warrior.
The orc warrior is heavily wounded.
You feel the effects of Trog's Hand fading.
The orc warrior hits you with a +0 trident!
You die...

####.#.# .## #).....##..
#>.$......# ∆ ##..#......###
......=...... ......... #
#..).# # #..#.#@.#.#
#....o.)..# ######)#### #...#
... #...# ...# #...# .... .#
#####...##### ..#.. ####
.###.......)...####.....
..###........................


You could see an orc warrior.

Vanquished Creatures
  The ghost of ytrimaz the Ducker, an amateur DsGl (D:4)
  An acid dragon (D:4)
  A sky beast (D:5)
  2 black bears (D:6)
  An ice beast (D:6)
  3 ogres
  2 bullfrogs (Sewer)
  A gnoll sergeant (D:5)
  2 scorpions (D:4)
  3 orc priests (D:6)
  3 jellies
  2 iguanas (D:5)
  An orc wizard (D:6)
  11 gnolls
  13 adders
  A shadow imp (D:3)
  2 worms
  8 orcs
  7 ball pythons
  16 endoplasms
  16 giant cockroaches
  5 goblins
  4 hobgoblins
  4 jackals (D:3)
  A kobold (D:2)
  13 quokkas
  3 bats (D:1)
  8 frilled lizards
  5 rats
140 creatures vanquished.

Notes
Turn   | Place    | Note
-------+----------+-------------------------------------------
     0 | D:1      | jejorda2 the Gnoll Berserker began the quest for the Orb.
     0 | D:1      | Reached XP level 1. HP: 23/23 MP: 1/1
   148 | D:1      | Reached XP level 2. HP: 27/29 MP: 2/2
   339 | D:1      | Found a faded altar of an unknown god.
   701 | D:2      | Reached XP level 3. HP: 33/35 MP: 3/3
   726 | D:2      | Reached ** piety under Trog
   892 | D:2      | Identified the +0 cloak of the Beginning {Dex+2}
  1001 | D:2      | Reached skill level 1 in Invocations
  1207 | D:3      | Reached skill level 1 in Short Blades
  1207 | D:3      | Reached skill level 1 in Long Blades
  1207 | D:3      | Reached skill level 1 in Maces & Flails
  1207 | D:3      | Reached skill level 1 in Polearms
  1207 | D:3      | Reached skill level 1 in Staves
  1207 | D:3      | Reached skill level 1 in Ranged Weapons
  1207 | D:3      | Reached skill level 1 in Throwing
  1207 | D:3      | Reached skill level 1 in Stealth
  1207 | D:3      | Reached skill level 1 in Shields
  1207 | D:3      | Reached skill level 1 in Unarmed Combat
  1207 | D:3      | Reached skill level 1 in Spellcasting
  1207 | D:3      | Reached skill level 1 in Evocations
  1331 | D:3      | Reached XP level 4. HP: 41/41 MP: 5/5
  1361 | D:3      | Reached skill level 1 in Shapeshifting
  1485 | D:3      | Reached skill level 1 in Conjurations
  1485 | D:3      | Reached skill level 1 in Hexes
  1485 | D:3      | Reached skill level 1 in Summonings
  1485 | D:3      | Reached skill level 1 in Necromancy
  1485 | D:3      | Reached skill level 1 in Translocations
  1485 | D:3      | Reached skill level 1 in Transmutations
  1485 | D:3      | Reached skill level 1 in Fire Magic
  1485 | D:3      | Reached skill level 1 in Ice Magic
  1485 | D:3      | Reached skill level 1 in Air Magic
  1485 | D:3      | Reached skill level 1 in Earth Magic
  1485 | D:3      | Reached skill level 1 in Poison Magic
  1575 | D:3      | Reached XP level 5. HP: 47/47 MP: 5/7
  1929 | D:4      | Noticed an ogre
  1947 | D:4      | Found a staircase to the Ecumenical Temple.
  1950 | D:4      | Noticed an ogre
  1961 | D:4      | Killed an ogre
  1962 | D:4      | Reached XP level 6. HP: 53/53 MP: 8/8
  1965 | D:4      | Reached skill level 5 in Armour
  1965 | D:4      | Reached skill level 5 in Dodging
  2032 | D:4      | Found Tuaquohy's Jewellery Boutique.
  2168 | D:4      | Found a runed translucent door.
  2168 | D:4      | Noticed ytrimaz's ghost (amateur DsGl)
  2168 | D:4      | Noticed an acid dragon
  2185 | D:4      | Reached XP level 7. HP: 40/59 MP: 10/10
  2244 | D:4      | Found a glowing drain.
  2252 | Sewer    | Entered a sewer
  2541 | Sewer    | Reached *** piety under Trog
  3072 | D:4      | Killed ytrimaz's ghost
  3077 | D:4      | Reached XP level 8. HP: 36/67 MP: 10/12
  3217 | D:5      | Entered Level 5 of the Dungeon
  3977 | D:6      | Found Laczin's General Store.
  4197 | D:6      | Reached XP level 9. HP: 44/73 MP: 14/14
  4223 | D:6      | Slain by an orc warrior

Illustrated notes

Levels and vault maps discovered:
D:1:      nzn_arrival_water_spiral, layout_basic,
          hellmonk_ecumenical_altar_lost_god, st_stairs_2
D:2:      layout_rooms
D:3:      layout_loops_cross
D:4:      layout_loops_ring, minmay_temple_entry_large_hall,
          mainiacjoe_sewer_entry_somewhere_in_here_1, serial_shops, shop,
          ebering_ghost_inner_flame
D:5:      layout_rooms, minivault_11, hangedman_decor_points, lightli_minifort
D:6:      layout_loops_cross, serial_shops, shop, nicolae_shop_advertising_works
          [nicolae_subvault_shop_adworks], nicolae_half_adder

Skill      XL: |  1  2  3  4  5  6  7  8 |
---------------+-------------------------+-----
Invocations    | 1 2 3 4 |  4.3
Short Blades   | 1 2 3 |  3.9
Long Blades    | 1 2 3 |  3.9
Maces & Flails | 1 2 3 |  3.9
Polearms       | 1 2 3 |  3.9
Staves         | 1 2 3 |  3.9
Ranged Weapons | 1 2 3 |  3.9
Throwing       | 1 2 3 |  3.9
Stealth        | 1 2 3 |  3.9
Shields        | 1 2 3 |  3.9
Unarmed Combat | 1 2 3 |  3.9
Spellcasting   | 1 2 3 |  3.9
Evocations     | 1 2 3 |  3.9
Shapeshifting  | 1 2 3 |  3.5
Conjurations   | 1 2 3 |  3.2
Hexes          | 1 2 3 |  3.2
Summonings     | 1 2 3 |  3.2
Necromancy     | 1 2 3 |  3.2
Translocations | 1 2 3 |  3.2
Transmutations | 1 2 3 |  3.2
Fire Magic     | 1 2 3 |  3.2
Ice Magic      | 1 2 3 |  3.2
Air Magic      | 1 2 3 |  3.2
Earth Magic    | 1 2 3 |  3.2
Poison Magic   | 1 2 3 |  3.2
Armour         | 5 6 |  6.1
Dodging        | 5 6 |  6.1
Fighting       | 7 |  7.7
Axes           | 7 |  7.7

Action                     |  1- 3 |  4- 6 |  7- 9 || total
---------------------------+-------+-------+-------++-------
  Melee: Hand axe          |    90 |   102 |   297 ||   489
         Bite              |     7 |    11 |    34 ||    52
 Invoke: Berserk           |     1 |     3 |     5 ||     9
         Trog's Hand       |     1 |     2 |     3 ||     6
  Evoke: Wand              |       |       |     1 ||     1
    Use: Scroll            |       |    10 |     7 ||    17
         Potion            |       |       |     1 ||     1
 Armour: Animal skin       |     5 |       |       ||     5
         Ring mail         |    31 |       |       ||    31
         Chain mail        |     4 |    67 |   158 ||   229
  Dodge: Dodged            |    48 |    46 |    91 ||   185
  Block: Buckler           |    12 |    23 |    74 ||   109

Table legend: (Time is in decaauts)
 A = Elapsed time spent in this place.
 B = Non-inter-level travel time spent in this place.
 C = Inter-level travel time spent in this place.
 D = Time resting spent in this place.
 E = Time spent auto-exploring this place.
 F = Levels seen in this place.
 G = Mean time per level.
                   A        B        C        D        E       F      G
               +--------+--------+--------+--------+--------+-----+--------+
         Total |   4370 |   4202 |    168 |    245 |   2633 |   7 |  624.3 |
       Dungeon |   3882 |   3714 |    168 |    239 |   2434 |   6 |  647.0 |
         Sewer |    487 |    487 |      0 |      6 |    198 |   1 |  487.0 |
               +--------+--------+--------+--------+--------+-----+--------+

Top non-repeatable levels by time:
     D:4: 913 daAuts
     D:3: 808 daAuts
     D:5: 716 daAuts
     D:1: 592 daAuts
     D:2: 540 daAuts
   Sewer: 487 daAuts
     D:6: 311 daAuts
